 Dungeon Crawl Stone Soup version 0.28-a0-796-gd4f0d3f9b2 (webtiles) character file.

Game seed: 4215467717742527870

847 BinkBink the Magician (level 7, -2/36 HPs)
             Began as a Deep Elf Fire Elementalist on Nov 5, 2021.
             Slain by Edmund (8 damage)
             ... on level 4 of the Dungeon.
             The game lasted 00:10:28 (5157 turns).

BinkBink the Magician (Deep Elf Fire Elementalist)  Turns: 5157, Time: 00:10:28

Health: -2/36      AC:  2    Str:  5    XL:     7   Next: 68%
Magic:  8/19       EV: 13    Int: 22    God:
Gold:   98         SH:  0    Dex: 15    Spells: 16/20 levels left

rFire   . . .      SeeInvis .   (no weapon)
rCold   . . .      Faith    .   (no shield)
rNeg    . . .      Spirit   .   a - +0 robe
rPois   .          Reflect  .   (no helmet)
rElec   .          Harm     .   (no cloak)
rCorr   .          Rampage  .   (no gloves)
Will    .....                   (no boots)
Stlth   ++........              (no amulet)
HPRegen 0.12/turn               (no ring)
MPRegen 0.16/turn               (no ring)

@: hasted, very quick
A: no striking features
a: no special abilities


You were on level 4 of the Dungeon.
You visited 1 branch of the dungeon, and saw 4 of its levels.

You collected 98 gold pieces.

Inventory:

Missiles
 d - 2 throwing nets
Armour
 a - a +0 robe (worn)
Jewellery
 l - a ring of ice
Scrolls
 c - a scroll of fog {unknown}
 i - a scroll of brand weapon {unknown}
 m - a scroll of noise {unknown}
 o - 3 scrolls of amnesia {unknown}
 p - a scroll of enchant weapon {unknown}
Potions
 b - 2 potions of attraction
 e - 2 potions of brilliance {unknown}
 g - 2 potions of ambrosia {unknown}
 h - a potion of might {unknown}
 j - a potion of invisibility {unknown}
 k - 2 potions of heal wounds {unknown}
 n - a potion of resistance {unknown}
 q - a potion of mutation {unknown}


   Skills:
 - Level 2.7 Dodging
 - Level 2.7 Stealth
 + Level 7.2 Spellcasting
 + Level 4.8 Conjurations
 + Level 5.8 Fire Magic
 * Level 2.7 Air Magic


You had 16 spell levels left.
You knew the following spells:

 Your Spells              Type           Power      Damage    Failure   Level
a - Foxfire               Conj/Fire      100%       2x1d9     1%          1
b - Swiftness             Air            19%        N/A       8%          3

Your spell library contained the following spells:

 Spells                   Type           Power      Damage    Failure   Level
 Scorch                   Fire           66%        2d8       1%          2
 Conjure Flame            Conj/Fire      31%        6-21      2%          3
 Inner Flame              Hex/Fire       20%        N/A       8%          3
 Flame Wave               Conj/Fire      31%        3d7       9%          4
 Ensorcelled Hibernation  Hex/Ice        14%        N/A       12%         2
 Passwall                 Tmut/Erth      5%         N/A       12%         2
 Spider Form              Tmut/Pois      7%         N/A       24%         3
 Invisibility             Hex            3%         N/A       100%        6


Dungeon Overview and Level Annotations

Branches:
Dungeon (4/15)
 Temple: D:4-7

Altars:

Annotations:
D:2 1 runed translucent door, Crazy Yiuf
D:4 Edmund


Message History

The orc is severely wounded.
You conjure some foxfire!
The foxfire hits Edmund but does no damage.
Edmund is severely wounded.
Edmund hits you with a +2 flail of protection!
You are too injured to fight recklessly!
Casting: Foxfire (safe; 1% risk of failure)
Confirm with . or Enter, or press ? or * to list all spells.
You conjure some foxfire!
The foxfire hits Edmund.
Edmund is severely wounded.
The foxfire hits Edmund but does no damage.
Edmund is severely wounded.
Edmund barely misses you. The orc completely misses you.
Casting: Foxfire (safe; 1% risk of failure)
Confirm with . or Enter, or press ? or * to list all spells.
You conjure some foxfire!
The foxfire hits Edmund but does no damage.
Edmund is severely wounded.
The foxfire hits the orc!
You kill the orc!
Edmund hits you with a +2 flail of protection.
The foxfire hits Edmund.
Edmund is severely wounded.
The foxfire hits Edmund but does no damage.
Edmund is severely wounded.
You are too injured to fight recklessly!
Casting: Foxfire (safe; 1% risk of failure)
Confirm with . or Enter, or press ? or * to list all spells.
You conjure some foxfire!
Edmund hits you with a +2 flail of protection!
* * * LOW HITPOINT WARNING * * *
The foxfire hits Edmund but does no damage.
Edmund is severely wounded.
The foxfire hits Edmund.
Edmund is almost dead.
Edmund says, "What use are spells, anyway?"
You feel yourself speed up.
Edmund mutters, "Who needs spells, anyway?"
Edmund hits you with a +2 flail of protection!
You die...

...........##......#
........†.###.)...##
.................#
........##.###
...<.......#
...........###
.......§..)..##
.##...#†..)..$#
#...#@@...#..#
#.........# ..#
...........## ...
...........# ...
............. ..
#.........#... .
..........#....
........... ...


You could see Edmund.

Vanquished Creatures
  Grinder (D:3)
  3 ogres
  A centaur (D:4)
  A hound (D:3)
  Natasha (twice) (D:2)
  A killer bee zombie (D:3)
  3 gnolls (D:2)
  10 adders
  2 worms
  A dart slug (D:1)
  11 orcs
  7 bats
  5 endoplasms
  6 giant cockroaches
  3 hobgoblins
  6 jackals
  4 kobolds
  5 quokkas
  9 ball pythons
  3 frilled lizards
  12 goblins
  4 rats
100 creatures vanquished.

Vanquished Creatures (others)
  413 foxfires
  2 fungi (D:2)
415 creatures vanquished.

Grand Total: 515 creatures vanquished

Notes
Turn   | Place    | Note
-------+----------+-------------------------------------------
     0 | D:1      | BinkBink the Deep Elf Fire Elementalist began the quest for
                  | the Orb.
     0 | D:1      | Reached XP level 1. HP: 10/10 MP: 6/6
   312 | D:1      | Reached XP level 2. HP: 15/15 MP: 5/8
   618 | D:1      | Found a faded altar of an unknown god.
   917 | D:1      | Reached XP level 3. HP: 19/19 MP: 6/10
  1278 | D:2      | Reached skill level 4 in Spellcasting
  1828 | D:2      | Reached XP level 4. HP: 24/24 MP: 8/12
  2112 | D:2      | Noticed Natasha
  2115 | D:2      | Killed Natasha
  2240 | D:2      | Noticed Natasha
  2781 | D:2      | Reached XP level 5. HP: 28/28 MP: 10/14
  2870 | D:2      | Reached skill level 5 in Spellcasting
  3052 | D:2      | Killed Natasha
  3298 | D:2      | Found a runed translucent door.
  3299 | D:2      | Noticed Crazy Yiuf
  3462 | D:3      | Learned a level 3 spell: Swiftness
  4159 | D:3      | Noticed an ogre
  4165 | D:3      | Killed an ogre
  4166 | D:3      | Reached skill level 5 in Fire Magic
  4166 | D:3      | Reached skill level 1 in Air Magic
  4166 | D:3      | Reached XP level 6. HP: 32/32 MP: 9/16
  4366 | D:3      | Noticed Grinder
  4448 | D:3      | Killed Grinder
  4449 | D:3      | Reached skill level 6 in Spellcasting
  4449 | D:3      | Reached XP level 7. HP: 36/36 MP: 5/18
  4898 | D:4      | Reached skill level 7 in Spellcasting
  5139 | D:4      | Noticed Edmund
  5157 | D:4      | Slain by Edmund

Illustrated notes

Levels and vault maps discovered:
D:1:      minmay_arrival_four_circles, layout_loops_corners,
          hellmonk_ecumenical_altar_inner_sanctum
D:2:      layout_loops_cross, minmay_split_cup_large, uniq_crazy_yiuf_cottage,
          uniq_natasha
D:3:      layout_loops_ring, minmay_ogre_servants, uniq_grinder
D:4:      layout_cave_pools, uniq_edmund

Skill      XL: |  1  2  3  4  5  6  7 |
---------------+----------------------+-----
Spellcasting   | 4 5 6 7 |  7.2
Fire Magic     | 4 5 |  5.8
Conjurations   | 2 3 4 |  4.8
Air Magic      | 1 2 |  2.7
Dodging        | |  2.7
Stealth        | |  2.7

Action                   |  1- 3 |  4- 6 |  7- 9 || total
-------------------------+-------+-------+-------++-------
 Cast: Foxfire           |    97 |   112 |    67 ||   276
  Use: Potion            |     2 |       |     1 ||     3
Armor: Robe              |     3 |     4 |       ||     7
Dodge: Dodged            |    10 |    20 |     4 ||    34

Table legend: (Time is in decaauts)
 A = Elapsed time spent in this place.
 B = Non-inter-level travel time spent in this place.
 C = Inter-level travel time spent in this place.
 D = Time resting spent in this place.
 E = Time spent auto-exploring this place.
 F = Levels seen in this place.
 G = Mean time per level.
                   A        B        C        D        E       F      G
               +--------+--------+--------+--------+--------+-----+--------+
         Total |   5156 |   5097 |     59 |      0 |   4437 |   4 | 1289.0 |
       Dungeon |   5156 |   5097 |     59 |      0 |   4437 |   4 | 1289.0 |
               +--------+--------+--------+--------+--------+-----+--------+

Top non-repeatable levels by time:
     D:2: 2196 daAuts
     D:3: 1382 daAuts
     D:1: 1254 daAuts
     D:4: 322 daAuts
